General information
			
			
        
        - name: BNet
 
        - type: Ladder team game (AT/RT)
 
        - host: Battle.net
 
        - saver: TIMG4STRok
 
        
map: Deadlock 
        - players: 8
 
        - length: 14:44
 
        - speed: Fast
 - version: 1.22 W3XP
 - replay type:  

 
» download(138 KB)
Players
        team 1 (winner) 
              
              
AsianPresident (
yellow | 108 APM | 1590 actions | 14:44)
              
 4 Death Knight 
 2 Death Coil
 2 Unholy Aura
 3 Lich 
 2 Frost Nova
 1 Frost Armor
 3 Dreadlord 
 1 Sleep
 2 Carrion Swarm
 
                » actions 
                
                | Assign group hotkey | 18 |  | 
| Basic commands | 150 |  | 
| Build / train | 42 |  | 
| Enter build submenu | 16 |  | 
| Enter hero's abilities submenu | 11 |  | 
| Right click | 664 |  | 
| Select / deselect | 320 |  | 
| Select group hotkey | 310 |  | 
| Use ability | 59 |  | 
                1590 total
 » units 
                
                | Acolyte | 2 |  | 
| Ghoul | 1 |  | 
| Crypt Fiend | 5 |  | 
| Frost Wyrm | 6 |  | 
                14 total
 » upgrades
                
                | Creature Attack | 3 |  | 
| Web | 1 |  | 
| Creature Carapace | 2 |  | 
| Freezing Breath | 1 |  | 
                7 total
 » buildings
                
                | Crypt | 1 |  | 
| Graveyard | 1 |  | 
| Altar of Darkness | 1 |  | 
| Ziggurat | 9 |  | 
| Tomb of Relics | 1 |  | 
| Halls of the Dead | 4 |  | 
| Black Citadel | 1 |  | 
| Sacrificial Pit | 1 |  | 
| Boneyard | 2 |  | 
                21 total
 » build order
                00:05 Crypt
00:18 Graveyard
00:35 Altar of Darkness
00:42 Ziggurat
00:58 Tomb of Relics
01:56 Halls of the Dead
01:56 Halls of the Dead
01:57 Halls of the Dead
02:21 Ziggurat
02:42 Ziggurat
03:11 Ziggurat
04:18 Black Citadel
04:44 Sacrificial Pit
05:30 Ziggurat
06:03 Ziggurat
06:40 Boneyard
06:44 Boneyard
06:53 Ziggurat
10:58 Ziggurat
12:51 Ziggurat
» items
                
                | Rod of Necromancy | 2 |  | 
| Dust of Appearance | 1 |  | 
                3 total
  
               
              
              
atouchofherlips (
red | 75 APM | 1099 actions | 14:44)
              
 3 Death Knight 
 2 Death Coil
 1 Unholy Aura
 
                » actions 
                
                | Assign group hotkey | 139 |  | 
| Basic commands | 1 |  | 
| Build / train | 23 |  | 
| ESC pressed | 1 |  | 
| Enter build submenu | 10 |  | 
| Enter hero's abilities submenu | 3 |  | 
| Remove unit from queue | 1 |  | 
| Right click | 335 |  | 
| Select / deselect | 172 |  | 
| Select group hotkey | 387 |  | 
| Use ability | 27 |  | 
                1099 total
 » units 
                » buildings
                
                | Crypt | 1 |  | 
| Ziggurat | 3 |  | 
| Altar of Darkness | 1 |  | 
| Necropolis | 1 |  | 
                6 total
 » build order
                00:06 Crypt
00:10 Ziggurat
00:53 Altar of Darkness
03:02 Ziggurat
08:04 Necropolis
08:47 Ziggurat
 
               
              
              
EurovisionisGG (
teal | 60 APM | 881 actions | 14:44)
              
 2 Blademaster 
 1 Wind Walk
 1 Critical Strike
 
                » actions 
                
                | Assign group hotkey | 46 |  | 
| Basic commands | 9 |  | 
| Build / train | 45 |  | 
| Enter build submenu | 4 |  | 
| Enter hero's abilities submenu | 2 |  | 
| Give item / drop item | 3 |  | 
| Right click | 465 |  | 
| Select / deselect | 91 |  | 
| Select group hotkey | 185 |  | 
| Use ability | 30 |  | 
                881 total
 » units 
                » buildings
                
                | Altar of Storms | 1 |  | 
| Orc Burrow | 1 |  | 
| Voodoo Lounge | 1 |  | 
| War Mill | 1 |  | 
                4 total
 » build order
                00:07 Altar of Storms
00:11 Orc Burrow
01:25 Voodoo Lounge
10:39 War Mill
» items
                
                | Healing Salve | 1 |  | 
| Lesser Clarity Potion | 1 |  | 
| Boots of Speed | 4 |  | 
| Tiny Great Hall | 4 |  | 
| Staff of Teleportation | 1 |  | 
| Scroll of Protection | 1 |  | 
| Orb of Lightning | 1 |  | 
                13 total
  
               
              
              
TIMG4STRok (
green | 113 APM | 1659 actions | 14:44)
              
 5 Shadow Hunter 
 2 Hex
 3 Healing Wave
 3 Tauren Chieftain 
 2 Endurance Aura
 1 Shockwave
 
                » actions 
                
                | Assign group hotkey | 27 |  | 
| Basic commands | 103 |  | 
| Build / train | 57 |  | 
| ESC pressed | 1 |  | 
| Enter build submenu | 21 |  | 
| Enter hero's abilities submenu | 8 |  | 
| Give item / drop item | 2 |  | 
| Right click | 619 |  | 
| Select / deselect | 171 |  | 
| Select group hotkey | 580 |  | 
| Use ability | 70 |  | 
                1659 total
 » units 
                
                | Peon | 7 |  | 
| Grunt | 4 |  | 
| Shaman | 2 |  | 
| Troll Witch Doctor | 2 |  | 
| Spirit Walker | 3 |  | 
| Kodo Beast | 2 |  | 
| Tauren | 6 |  | 
                26 total
 » upgrades
                
                | Melee Weapons | 3 |  | 
| Armor | 2 |  | 
| Shaman Training | 2 |  | 
| Witch Doctor Training | 2 |  | 
| Spirit Walker Training | 2 |  | 
| War Drums Damage Increase | 1 |  | 
| Pulverize | 1 |  | 
                13 total
 » buildings
                
                | Altar of Storms | 1 |  | 
| Orc Burrow | 8 |  | 
| Barracks | 1 |  | 
| Stronghold | 3 |  | 
| Voodoo Lounge | 3 |  | 
| War Mill | 1 |  | 
| Fortress | 1 |  | 
| Spirit Lodge | 3 |  | 
| Beastiary | 1 |  | 
| Tauren Totem | 2 |  | 
                24 total
 » build order
                00:05 Altar of Storms
00:13 Orc Burrow
00:21 Barracks
01:05 Orc Burrow
01:54 Stronghold
01:54 Stronghold
01:55 Stronghold
02:29 Orc Burrow
02:52 Voodoo Lounge
03:20 War Mill
04:14 Voodoo Lounge
04:16 Fortress
04:20 Spirit Lodge
04:22 Spirit Lodge
04:25 Spirit Lodge
04:29 Beastiary
04:31 Orc Burrow
04:32 Orc Burrow
04:35 Orc Burrow
04:38 Orc Burrow
06:41 Tauren Totem
06:45 Tauren Totem
06:49 Voodoo Lounge
10:44 Orc Burrow
» items
                
                | Boots of Speed | 1 |  | 
| Lesser Clarity Potion | 1 |  | 
| Potion of Mana | 1 |  | 
| Orb of Lightning | 1 |  | 
                4 total
  
               team 2 (loser) 
              
              
» 
ItsPittz (
purple | 50 APM | 715 actions | 14:20)
              
 2 Demon Hunter 
 1 Mana Burn
 1 Evasion
 
                » actions 
                
                | Assign group hotkey | 12 |  | 
| Basic commands | 1 |  | 
| Build / train | 33 |  | 
| Enter build submenu | 12 |  | 
| Enter hero's abilities submenu | 2 |  | 
| Right click | 329 |  | 
| Select / deselect | 153 |  | 
| Select group hotkey | 129 |  | 
| Use ability | 44 |  | 
                715 total
 » units 
                » buildings
                
                | Altar of Elders | 1 |  | 
| Moon Well | 5 |  | 
| Hunter's Hall | 1 |  | 
| Ancient of War | 2 |  | 
| Tree of Life | 2 |  | 
| Ancient Protector | 1 |  | 
                12 total
 » build order
                00:11 Altar of Elders
00:20 Moon Well
01:30 Hunter's Hall
01:49 Ancient of War
01:58 Moon Well
02:37 Ancient of War
03:04 Moon Well
04:06 Moon Well
04:51 Tree of Life
05:06 Moon Well
05:31 Ancient Protector
06:25 Tree of Life
» items
                 
               
              
              
LargeVocabulary (
blue | 124 APM | 1768 actions | 14:17)
              
 3 Archmage 
 1 Summon Water Elemental
 1 Brilliance Aura
 1 Blizzard
 2 Blood Mage 
 1 Flame Strike
 1 Siphon Mana
 
                » actions 
                
                | Assign group hotkey | 77 |  | 
| Basic commands | 76 |  | 
| Build / train | 67 |  | 
| ESC pressed | 1 |  | 
| Enter build submenu | 27 |  | 
| Enter hero's abilities submenu | 5 |  | 
| Give item / drop item | 1 |  | 
| Right click | 666 |  | 
| Select / deselect | 293 |  | 
| Select group hotkey | 491 |  | 
| Use ability | 64 |  | 
                1768 total
 » units 
                
                | Peasant | 19 |  | 
| Footman | 3 |  | 
| Rifleman | 3 |  | 
| Mortar Team | 4 |  | 
| Siege Engine | 1 |  | 
                30 total
 » upgrades
                
                | Gunpowder | 3 |  | 
| Masonry | 2 |  | 
| Long Rifles | 1 |  | 
| Fragmentation Shards | 1 |  | 
| Flare | 1 |  | 
| Barrage | 1 |  | 
                9 total
 » buildings
                
                | Altar of Kings | 1 |  | 
| Barracks | 1 |  | 
| Farm | 9 |  | 
| Scout Tower | 8 |  | 
| Arcane Tower | 3 |  | 
| Lumber Mill | 1 |  | 
| Town Hall | 1 |  | 
| Arcane Vault | 1 |  | 
| Guard Tower | 3 |  | 
| Blacksmith | 1 |  | 
| Keep | 3 |  | 
| Castle | 1 |  | 
| Workshop | 3 |  | 
                36 total
 » build order
                00:07 Altar of Kings
00:18 Barracks
00:34 Farm
00:55 Farm
01:34 Scout Tower
01:49 Farm
02:02 Arcane Tower
03:02 Lumber Mill
03:29 Town Hall
03:35 Scout Tower
03:58 Arcane Vault
04:08 Arcane Tower
04:08 Scout Tower
04:13 Scout Tower
04:35 Arcane Tower
04:39 Guard Tower
04:41 Farm
04:57 Blacksmith
05:17 Keep
05:17 Keep
05:18 Keep
05:39 Farm
06:23 Farm
06:44 Farm
06:46 Farm
07:33 Scout Tower
07:33 Scout Tower
07:47 Castle
07:54 Workshop
07:55 Workshop
07:57 Workshop
08:02 Guard Tower
11:28 Scout Tower
11:29 Scout Tower
11:48 Farm
12:16 Guard Tower
» items
                
                | Scroll of Regeneration | 2 |  | 
| Mechanical Critter | 2 |  | 
| Scroll of Town Portal | 2 |  | 
                6 total
  
               
              
              
TrA.St0rM (
orange | 117 APM | 1678 actions | 14:18)
              
 3 Death Knight 
 2 Death Coil
 1 Unholy Aura
 1 Lich 
 1 Frost Nova
 
                » actions 
                
                | Assign group hotkey | 271 |  | 
| Basic commands | 10 |  | 
| Build / train | 67 |  | 
| Enter build submenu | 24 |  | 
| Enter hero's abilities submenu | 4 |  | 
| Remove unit from queue | 10 |  | 
| Right click | 537 |  | 
| Select / deselect | 363 |  | 
| Select group hotkey | 305 |  | 
| Use ability | 86 |  | 
                1678 total
 » units 
                
                | Acolyte | 5 |  | 
| Ghoul | 5 |  | 
| Crypt Fiend | 10 |  | 
| Obsidian Statue | 8 |  | 
                28 total
 » upgrades
                
                | Creature Attack | 2 |  | 
| Creature Carapace | 1 |  | 
| Web | 1 |  | 
| Destroyer Form | 1 |  | 
                5 total
 » buildings
                
                | Graveyard | 1 |  | 
| Crypt | 1 |  | 
| Ziggurat | 11 |  | 
| Altar of Darkness | 1 |  | 
| Tomb of Relics | 1 |  | 
| Nerubian Tower | 3 |  | 
| Spirit Tower | 0 |  | 
| Halls of the Dead | 3 |  | 
| Black Citadel | 3 |  | 
| Slaughterhouse | 4 |  | 
                28 total
 » build order
                00:21 Graveyard
00:24 Crypt
00:38 Ziggurat
00:41 Altar of Darkness
01:08 Ziggurat
01:30 Tomb of Relics
03:19 Nerubian Tower
03:30 Spirit Tower
03:31 Nerubian Tower
03:31 Nerubian Tower
05:47 Halls of the Dead
05:47 Halls of the Dead
05:47 Halls of the Dead
06:04 Ziggurat
06:48 Ziggurat
06:53 Ziggurat
09:12 Black Citadel
09:47 Slaughterhouse
09:49 Slaughterhouse
09:51 Slaughterhouse
10:48 Ziggurat
10:49 Ziggurat
11:12 Ziggurat
11:13 Ziggurat
11:25 Slaughterhouse
11:45 Ziggurat
12:24 Ziggurat
13:03 Spirit Tower
» items
                
                | Rod of Necromancy | 2 |  | 
| Potion of Healing | 3 |  | 
                5 total
  
               
              
              
Vitamin.Souls (
pink | 40 APM | 583 actions | 14:43)
              
 4 Tauren Chieftain 
 2 Shockwave
 2 Endurance Aura
 
                » actions 
                
                | Assign group hotkey | 15 |  | 
| Basic commands | 1 |  | 
| Build / train | 31 |  | 
| Enter build submenu | 14 |  | 
| Enter hero's abilities submenu | 4 |  | 
| Right click | 257 |  | 
| Select / deselect | 152 |  | 
| Select group hotkey | 61 |  | 
| Use ability | 48 |  | 
                583 total
 » units 
                
                | Peon | 7 |  | 
| Grunt | 4 |  | 
| Wind Rider | 3 |  | 
| Troll Batrider | 5 |  | 
                19 total
 » upgrades
                » buildings
                
                | Altar of Storms | 1 |  | 
| Orc Burrow | 6 |  | 
| Barracks | 1 |  | 
| Voodoo Lounge | 1 |  | 
| Stronghold | 1 |  | 
| Fortress | 1 |  | 
| Beastiary | 2 |  | 
| War Mill | 1 |  | 
| Tauren Totem | 2 |  | 
                16 total
 » build order
                00:14 Altar of Storms
00:28 Orc Burrow
00:50 Barracks
01:31 Orc Burrow
02:05 Voodoo Lounge
03:25 Stronghold
05:40 Orc Burrow
06:16 Fortress
06:19 Beastiary
06:39 Beastiary
06:41 War Mill
10:21 Orc Burrow
10:43 Tauren Totem
10:46 Tauren Totem
11:26 Orc Burrow
11:57 Orc Burrow
» items
                
                | Healing Salve | 2 |  | 
| Lesser Clarity Potion | 1 |  | 
| Scroll of Town Portal | 1 |  | 
                4 total
  
                Chat log
          (00:24 / Allies) atouchofherlips: talons is #1 on the list
(00:25 / Allies) atouchofherlips: fucking
(00:27 / Allies) atouchofherlips: asshole
(00:31 / Allies) EurovisionisGG: whatafag
(00:36 / Allies) atouchofherlips: right
(00:36 / Allies) atouchofherlips: lol
(00:45 / Allies) atouchofherlips: cause you're dumb
(00:54 / All) ItsPittz: gl
(00:58 / Allies) TIMG4STRok: gold
(01:00 / Allies) atouchofherlips: dk or tav hero?
(01:02 / Allies) EurovisionisGG: you dont want free 25-0?
(01:08 / Allies) atouchofherlips: i do lol 
(01:11 / Allies) atouchofherlips: cause i do shit
(01:26 / Allies) atouchofherlips: zzzz?
(01:33 / Allies) atouchofherlips: stfu
(01:34 / Allies) atouchofherlips: lol
(01:35 / Allies) EurovisionisGG: wood him idiot corr
(02:03 / Allies) atouchofherlips: lol
(02:23 / Allies) atouchofherlips: i had to manual return rofle
(06:20 / Allies) atouchofherlips: MOST WORK I HAVE DONE
(06:23 / Allies) atouchofherlips: IN EUROVISION
(06:25 / Allies) atouchofherlips: THIS WHOLE TIME
(06:28 / Allies) atouchofherlips: GOD DAMN
(07:23 / Allies) TIMG4STRok: gold wood
(07:59 / Allies) TIMG4STRok: wood
(08:01 / Allies) TIMG4STRok: corr wood me
(08:56 / Allies) TIMG4STRok: gold
(09:37 / Allies) atouchofherlips: SITTING ON 4K
(09:56 / Allies) atouchofherlips: KNIFE LOOK AT TALONS FOOD COUNT
(10:12 / Allies) atouchofherlips: LAGGIN
(10:25 / Allies) atouchofherlips: MADE A DESPOIT
(10:28 / Allies) atouchofherlips: INCASE I DROP
(10:28 / Allies) atouchofherlips: LOL
(10:39 / All) AsianPresident: eurovision is back
(10:41 / All) AsianPresident: faggots
(10:48 / Allies) EurovisionisGG: d
(10:48 / Allies) EurovisionisGG: d
(10:49 / Allies) EurovisionisGG: d
(10:49 / Allies) EurovisionisGG: d
(10:50 / Allies) EurovisionisGG: d
(10:50 / Allies) EurovisionisGG: d
(11:01 / All) atouchofherlips: ud gets 2 expos before you kids
(11:03 / All) atouchofherlips: sad
(11:42 / Allies) EurovisionisGG: lolno
(12:47 / Allies) atouchofherlips: pro expo tt
(14:14 / All) LargeVocabulary: gg